Map: Oxide LE

Players

TeebuL - Winner!

  • Race: Protoss Protoss
  • League: Gold

EnDerr

  • Race: Zerg Zerg

Event: DreamHack SC2 Masters 2021 Summer

VOD

Have the link to the VOD?

Description

Time

  • Played on: May 19, 2021, 4:18 a.m.
  • Length: 11:12

All games in this series

Show
View Real Time Build Order
Export as new Build Order

TeebuL Protoss - Winner!

Build Orders: 1 Gate Expand 

Get SALT Encoding   

  12  0:00  Probe  
  13  0:12  Probe  
  14  0:19  Pylon  
  14  0:24  Probe (Chrono Boost)  
  15  0:37  Probe (Chrono Boost)  
  15  0:39  Gateway  
  16  0:46  Probe (Chrono Boost)  
  17  0:51  Probe  
  17  0:54  Assimilator  
  18  1:03  Probe  
  19  1:16  Probe  
  20  1:26  Nexus  
  20  1:38  Cybernetics Core  
  20  1:40  Probe  
  21  1:47  Assimilator  
  21  1:52  Probe  
  22  1:57  Pylon  
  22  2:04  Probe  
  23  2:12  Adept (Chrono Boost)  
  25  2:16  Probe  
  25  2:19  Stargate  
  26  2:29  Probe (Chrono Boost)  
  27  2:32  Warp Gate  
  27  2:35  Adept  
  29  2:40  Probe (Chrono Boost)  
  29  2:41  Probe (Chrono Boost)  
  31  2:48  Probe x2 (Chrono Boost)  
  33  2:53  Probe (Chrono Boost)  
  33  2:55  Probe  
  33  2:56  Void Ray (Chrono Boost)  
  35  3:04  Probe  
  40  3:08  Probe  
  40  3:11  Pylon  
  41  3:16  Probe  
  42  3:20  Probe  
  42  3:25  Gateway  
  43  3:27  Void Ray (Chrono Boost)  
  43  3:28  Probe  
  43  3:32  Probe  
  49  3:40  Probe  
  50  3:44  Probe  
  51  3:54  Probe  
  52  4:02  Probe  
  52  4:06  Probe  
  53  4:14  Probe, Pylon  
  53  4:16  Nexus  
  54  4:20  Twilight Council  
  54  4:22  Assimilator  
  54  4:23  Assimilator  
  54  4:25  Pylon  
  54  4:32  Probe x2  
  54  4:35  Adept x2  
  60  4:39  Gateway  
  60  4:42  Gateway, Shield Battery  
  60  4:44  Probe x2  
  62  4:56  Probe x2  
  62  4:58  Dark Shrine  
  62  4:59  Adept x2  
  68  5:04  Robotics Facility  
  68  5:08  Probe x2  
  68  5:19  Blink  
  68  5:20  Probe (Chrono Boost)  
  69  5:24  Probe (Chrono Boost)  
  69  5:28  Probe (Chrono Boost)  
  71  5:29  Sentry x2  
  71  5:33  Probe (Chrono Boost)  
  77  5:36  Probe (Chrono Boost)  
  77  5:39  Probe (Chrono Boost)  
  77  5:40  Probe (Chrono Boost)  
  79  5:43  Probe (Chrono Boost)  
  79  5:45  Probe  
  79  5:47  Probe  
  79  5:49  Shield Battery  
  78  5:50  Sentry  
  78  5:51  Stalker  
  78  5:53  Probe  
  83  5:57  Probe  
  83  5:59  Gateway  
  83  6:00  Gateway  
  83  6:02  Pylon  
  84  6:04  Probe  
  84  6:10  Immortal  
  83  6:11  Dark Templar x2  
  83  6:14  Probe  
  85  6:20  Probe  
  85  6:25  Probe  
  87  6:26  Probe  
  87  6:28  Pylon  
  87  6:31  Gateway  
  88  6:32  Probe, Pylon  
  88  6:39  Probe  
  90  6:41  Probe, Stalker  
  90  6:42  Assimilator  
  90  6:44  Assimilator  
  90  6:46  Probe  
  94  6:47  Stalker x2  
  94  6:48  Stalker  
  94  6:51  Probe, Robotics Facility  
  94  6:53  Probe  
  100  6:58  Probe  
  101  7:03  Probe  
  101  7:06  Stalker x3  
  108  7:17  Pylon  
  108  7:18  Pylon  
  108  7:20  Pylon  
  108  7:23  Pylon  
  108  7:24  Pylon, Robotics Bay  
  106  7:30  Stalker, Forge  
  108  7:38  Pylon, Stalker x5  
  108  7:39  Pylon  
  108  7:40  Observer  
  123  8:01  Shield Battery  
  123  8:03  Photon Cannon  
  121  8:06  Photon Cannon, Dark Templar x3  
  121  8:07  Dark Templar  
  121  8:10  Stalker  
  121  8:11  Archon  
  121  8:12  Archon  
  131  8:14  Stalker x2  
  131  8:18  Protoss Ground Weapons Level 1 (Chrono Boost)  
  131  8:20  Photon Cannon  
  131  8:22  Shield Battery  
  131  8:24  Shield Battery  
  131  8:25  Pylon  
  131  8:34  Stalker  
  131  8:38  Stalker x3  
  131  8:39  Stalker x2  
  141  8:47  Stalker  
  143  9:01  Stalker x2  
  143  9:02  Stalker x4  
  155  9:15  Sentry  
  157  9:18  Shield Battery  
  155  9:25  Stalker x4  
  155  9:26  Stalker x2  
  155  9:29  Photon Cannon  
  155  9:30  Photon Cannon  
  155  9:42  Dark Templar  
  144  9:50  Photon Cannon x2, Stalker x2  
  142  9:56  Photon Cannon  
  142  9:57  Dark Templar  
  112  10:17  Stalker x2  
  112  10:21  Stalker  
  94  10:41  Stalker  
  94  10:42  Stalker  
Show
View Real Time Build Order
Export as new Build Order

EnDerr Zerg 

Build Orders: Hatch First 

Get SALT Encoding   

  12  0:00  Drone  
  13  0:13  Overlord  
  13  0:18  Drone  
  14  0:31  Drone x2  
  16  0:49  Drone x2  
  18  0:58  Hatchery  
  17  1:09  Extractor  
  16  1:12  Spawning Pool  
  16  1:14  Drone  
  16  1:17  Drone  
  17  1:22  Drone  
  18  1:29  Drone  
  19  1:42  Drone  
  20  1:52  Drone  
  21  2:04  Zergling x2  
  22  2:09  Queen  
  22  2:10  Metabolic Boost, Queen  
  22  2:11  Zergling x2  
  22  2:13  Overlord  
  27  2:25  Drone  
  28  2:38  Drone x3  
  31  2:50  Hatchery  
  29  2:54  Overlord  
  29  2:55  Drone x3  
  32  3:06  Overlord  
  32  3:13  Zergling x2  
  32  3:15  Zergling x2  
  32  3:17  Zergling x2  
  35  3:23  Overlord  
  35  3:25  Drone x5  
  40  3:27  Queen  
  42  3:34  Queen  
  42  3:39  Overlord  
  44  3:41  Overlord  
  44  3:52  Zergling x2  
  44  3:53  Drone x2, Zergling x2  
  47  3:58  Drone x3  
  47  4:00  Drone  
  48  4:03  Drone, Queen  
  51  4:10  Pneumatized Carapace  
  51  4:18  Spore Crawler  
  51  4:19  Spore Crawler  
  51  4:20  Drone, Spore Crawler  
  49  4:24  Overlord x2  
  49  4:25  Zergling x2  
  49  4:26  Zergling x2  
  49  4:31  Zergling x4  
  53  4:36  Overlord  
  53  4:37  Drone x2  
  55  4:39  Drone x2  
  55  4:42  Drone  
  55  4:43  Drone  
  59  4:49  Zergling x6  
  59  4:52  Lair  
  62  4:54  Drone x2  
  62  4:58  Drone  
  64  5:02  Drone x2  
  64  5:05  Drone x3  
  68  5:09  Drone  
  68  5:10  Drone  
  68  5:11  Zergling x2  
  68  5:12  Zergling x2  
  70  5:18  Zergling x10  
  73  5:26  Roach Warren  
  73  5:27  Extractor, Zergling x4  
  73  5:28  Extractor, Zergling x2, Evolution Chamber  
  72  5:45  Overlord  
  72  5:46  Drone x2  
  74  5:54  Zerg Missile Weapons Level 1  
  74  5:56  Overlord  
  74  6:02  Overlord  
  73  6:04  Drone  
  73  6:06  Drone x9  
  73  6:07  Drone  
  73  6:09  Drone  
  73  6:10  Drone  
  81  6:13  Hatchery  
  81  6:15  Extractor  
  81  6:17  Extractor x2  
  81  6:18  Spire  
  75  6:25  Drone x3  
  77  6:26  Drone  
  77  6:27  Drone x4  
  83  6:36  Queen x2  
  85  6:45  Queen  
  85  6:53  Overseer  
  76  6:59  Drone x4  
  75  7:02  Zergling x22  
  81  7:15  Zergling x10  
  81  7:16  Zergling x2  
  83  7:32  Mutalisk x5, Zerg Flyer Weapons Level 1  
  83  7:34  Mutalisk  
  83  7:36  Mutalisk  
  97  7:40  Hatchery, Mutalisk  
  97  7:52  Overlord x2  
  97  7:53  Overlord  
  97  7:57  Mutalisk x2  
  93  8:02  Mutalisk  
  93  8:05  Mutalisk  
  95  8:08  Drone x2  
  97  8:13  Drone x4  
  97  8:17  Drone x2  
  101  8:24  Mutalisk x3  
  101  8:26  Drone  
  106  8:32  Mutalisk  
  108  8:36  Mutalisk  
  108  8:43  Mutalisk  
  108  8:47  Drone, Baneling Nest  
  108  8:48  Drone x2  
  110  8:49  Mutalisk  
  110  8:51  Zergling x2  
  110  8:52  Extractor  
  110  8:54  Extractor  
  110  8:55  Zergling x8  
  115  9:05  Zergling x18  
  124  9:11  Mutalisk  
  124  9:14  Mutalisk  
  124  9:16  Mutalisk  
  127  9:19  Zergling x2  
  127  9:23  Mutalisk  
  127  9:30  Mutalisk  
  124  9:33  Overlord x3  
  124  9:34  Overlord  
  120  9:43  Overseer  
  120  9:44  Mutalisk x3  
  79  10:33  Overlord x2  
  77  10:38  Spawning Pool  
  64  10:46  Roach x8  
Tags
 
Add a new tag
Caveats
  • Supply blocks, unpowered buildings, or Contaminate may cause inaccurate times.
  • Supply counts are checked every 10 seconds.